Map: Orbital Shipyard

Players

LilDicky

  • Race: Terran Terran
  • League: Diamond

zgv - Winner!

  • Race: Zerg Zerg
  • League: Diamond

VOD

http://www.twitch.tv/tumescentpie

Description

Time

  • Played on: Dec. 6, 2015, 9:45 p.m.
  • Length: 8:58
Show
View Real Time Build Order
Export as new Build Order

LilDicky Terran 

Build Orders: Liberator Opening 

Get SALT Encoding   

  12  0:07  SCV  
  13  0:19  SCV  
  14  0:24  Supply Depot  
  14  0:31  SCV  
  14  0:33  Refinery  
  15  0:45  SCV  
  15  0:47  Barracks  
  16  0:57  SCV  
  17  1:11  SCV  
  17  1:17  Refinery  
  18  1:24  SCV  
  19  1:34  Supply Depot  
  19  1:39  Barracks Reactor  
  20  1:41  Orbital Command  
  19  1:51  Factory  
  19  2:07  SCV  
  20  2:19  SCV  
  21  2:28  Marine x2  
  23  2:31  SCV  
  23  2:32  Supply Depot  
  23  2:34  Starport  
  24  2:37  Armory  
  24  2:38  Factory Tech Lab  
  24  2:53  Marine  
  24  2:54  SCV, Marine  
  26  3:06  Supply Depot, SCV  
  26  3:11  Marine x2  
  29  3:19  SCV  
  30  3:32  SCV  
  33  3:39  Thor  
  33  3:40  Medivac  
  39  3:49  SCV  
  39  3:54  Supply Depot, Marine  
  39  3:55  Marine  
  41  3:57  Liberator  
  41  4:02  SCV  
  43  4:14  SCV  
  47  4:17  Marine  
  47  4:18  Marine  
  49  4:24  Supply Depot  
  49  4:26  SCV  
  50  4:35  Siege Tank, Marine  
  50  4:36  Marine  
  55  4:47  Supply Depot  
  55  4:49  SCV  
  56  5:12  SCV  
  57  5:27  Thor  
  63  5:30  Command Center  
  63  5:31  Marine x2  
  63  5:32  SCV  
  63  5:35  Supply Depot, Terran Vehicle Weapons Level 1  
  66  5:44  SCV  
  66  5:49  Marine x2  
  69  5:56  SCV  
  70  6:08  Liberator  
  70  6:10  Thor  
  76  6:19  SCV  
  74  6:31  SCV  
  75  6:33  Marine  
  76  6:43  SCV  
  77  6:54  Orbital Command  
  77  6:55  SCV  
  77  6:59  Refinery x2  
  78  7:07  SCV, Supply Depot  
  79  7:09  Command Center  
  79  7:11  Medivac  
  81  7:19  SCV  
  82  7:23  SCV  
  83  7:30  Supply Depot  
  83  7:31  SCV  
  83  7:36  Supply Depot  
  76  8:07  SCV  
  76  8:09  Starport Reactor  
  71  8:19  Factory  
  71  8:20  Supply Depot, SCV  
  71  8:21  Factory  
  71  8:22  Factory  
  71  8:26  Command Center  
  78  8:27  Supply Depot  
  78  8:28  SCV  
Show
View Real Time Build Order
Export as new Build Order

zgv Zerg - Winner!

Build Orders: Hatch First 

Get SALT Encoding   

  12  0:01  Drone  
  13  0:13  Overlord  
  13  0:18  Drone  
  14  0:32  Drone x2  
  14  0:35  Drone  
  17  0:52  Hatchery  
  16  0:58  Drone  
  16  0:59  Drone  
  18  1:05  Extractor  
  18  1:07  Drone  
  18  1:21  Spawning Pool  
  18  1:22  Drone  
  18  1:29  Drone  
  19  1:39  Overlord  
  19  1:53  Drone  
  20  2:08  Queen  
  20  2:09  Metabolic Boost, Queen  
  24  2:16  Zergling x2  
  24  2:17  Zergling x2  
  24  2:21  Drone  
  24  2:22  Drone  
  28  2:26  Drone x2  
  30  2:33  Drone  
  31  2:44  Drone  
  32  2:52  Overlord  
  32  2:53  Drone  
  32  2:58  Queen  
  33  3:00  Overlord  
  33  3:01  Drone  
  36  3:10  Drone x2  
  38  3:16  Drone x2  
  38  3:17  Drone  
  38  3:18  Drone  
  42  3:23  Drone x4  
  46  3:37  Hatchery  
  46  3:40  Roach Warren  
  44  3:42  Zergling x8  
  48  3:49  Zergling x2  
  48  3:50  Zergling x4  
  51  3:56  Drone  
  51  3:57  Overlord x2  
  51  4:00  Extractor  
  51  4:02  Drone, Extractor  
  52  4:03  Drone  
  52  4:18  Zergling x6  
  52  4:20  Lair  
  55  4:25  Drone x4  
  55  4:27  Drone  
  55  4:30  Overlord x2  
  60  4:46  Drone x2, Extractor  
  60  4:47  Evolution Chamber  
  60  4:48  Queen  
  60  4:49  Drone  
  60  4:50  Drone x2  
  60  4:51  Evolution Chamber  
  65  5:07  Roach x4  
  70  5:17  Zerg Missile Weapons Level 1, Zerg Ground Armor Level 1  
  70  5:18  Glial Reconstitution  
  66  5:34  Roach x6  
  77  5:56  Roach x3  
  83  6:06  Queen  
  83  6:18  Overlord x5  
  82  6:29  Ravager x3  
  82  6:32  Overlord x4  
  84  6:37  Ravager x2  
  84  6:38  Ravager x2  
  87  7:03  Roach x6  
  99  7:20  Roach x7  
  99  7:22  Hatchery  
  103  8:11  Ravager x7  
  110  8:16  Queen  
  112  8:25  Overlord x4  
  112  8:26  Overlord x4  
Tags
 
Add a new tag
Caveats
  • Supply blocks, unpowered buildings, or Contaminate may cause inaccurate times.
  • Supply counts are checked every 10 seconds.